 Dungeon Crawl Stone Soup version 0.27.1 (webtiles) character file.

Game seed: 489813168565020809

30954 ZARRMARR the Martial Artist (level 13, 0/86 HPs)
             Began as an Octopode Transmuter on Sept 2, 2021.
             Was an Elder of Sif Muna.
             Killed from afar by an efreet (30 damage)
             ... with a fireball
             ... on level 13 of the Dungeon.
             The game lasted 02:53:14 (21518 turns).

ZARRMARR the Martial Artist (Octopode Transmuter)  Turns: 21518, Time: 02:53:14

Health: 0/86       AC:  1    Str: 26    XL:     13   Next: 55%
Magic:  35/35      EV: 15    Int: 32    God:    Sif Muna [****..]
Gold:   1196       SH:  0    Dex: 12    Spells: 18/31 levels left

rFire    . . .     SeeInvis .     - Unarmed
rCold    + + .     Faith    .   (no shield)
rNeg     + . .     Spirit   .   (helmet restricted)
rPois    +         Reflect  .   (no amulet)
rElec    .         Harm     .   a - +6 ring of strength
rCorr    .         Rampage  .   v - ring of the Establishment {+Blink rPois MP+9 Int+6 Slay+3}
Will     .....                  s - ring "Afonuxtiaxu" {rC++ Str+4 Slay+4}
Stlth    ++++++....             B - +6 ring of strength
HPRegen  0.24/turn              J - +6 ring of intelligence
MPRegen  0.24/turn              U - ring of positive energy
                                (no ring)
                                (no ring)

@: studying Invocations
A: almost no armour, amphibious, 8 rings, camouflage 1, gelatinous body 1,
(nimble swimmer 1), tentacles
a: Renounce Religion, Evoke Blink, Channel Magic, Forget Spell, Divine Exegesis


You were on level 13 of the Dungeon.
You worshipped Sif Muna.
Sif Muna was greatly pleased with you.
You visited 2 branches of the dungeon, and saw 14 of its levels.
You also visited: Ossuary.

You collected 1420 gold pieces.
You spent 224 gold pieces at shops.

Inventory:

Missiles
 m - 10 boomerangs
 p - 30 poisoned darts (quivered)
 D - 4 silver boomerangs
 I - 2 curare-tipped darts
 M - 2 throwing nets
Armour
 V - the +2 buckler of the Endless Expanse {*Corrode Fly rPois Dex+4}
   (You found it on level 9 of the Dungeon)

   Dex:       It affects your dexterity (+4).
   rPois:     It protects you from poison.
   Fly:       It grants you flight.
   *Corrode:  It may corrode you when you take damage.
Jewellery
 a - a +6 ring of strength (left tentacle)
 c - an amulet of magic regeneration
 l - a ring of magical power
 n - the ring "Cyludwiast" {rPois rC++ Will- Int+2}
   (You took it off a tengu warrior on level 9 of the Dungeon)

   [ring of poison resistance]

   Int:       It affects your intelligence (+2).
   rC:        It greatly protects you from cold.
   rPois:     It protects you from poison.
   Will:      It decreases your willpower.
 s - the ring "Afonuxtiaxu" (on tentacle) {rC++ Str+4 Slay+4}
   (You acquired it in an ossuary)

   [ring of slaying]

   Str:       It affects your strength (+4).
   Slay:      It affects your accuracy & damage with ranged weapons and melee
   (+4).
   rC:        It greatly protects you from cold.
 v - the ring of the Establishment (right tentacle) {+Blink rPois MP+9 Int+6 Slay+3}
   (You acquired it in an ossuary)

   [ring of intelligence]

   Int:       It affects your intelligence (+6).
   Slay:      It affects your accuracy & damage with ranged weapons and melee
   (+3).
   rPois:     It protects you from poison.
   MP:        It affects your magic capacity (+9).
   +Blink:    It lets you blink.
 y - a ring of fire
 B - a +6 ring of strength (on tentacle)
 G - a ring of ice
 J - a +6 ring of intelligence (on tentacle)
 U - a ring of positive energy (on tentacle)
Wands
 x - a wand of flame (24)
 z - a wand of charming (3)
 Q - a wand of iceblast (6)
 W - a wand of digging (4)
Scrolls
 e - 2 scrolls of silence {unknown}
 f - 5 scrolls of teleportation
 h - a scroll of immolation
 i - 3 scrolls of enchant weapon {unknown}
 q - a scroll of brand weapon {unknown}
 r - 2 scrolls of magic mapping {unknown}
 A - a scroll of amnesia {unknown}
 K - 2 scrolls of vulnerability {unknown}
 N - a scroll of summoning {unknown}
 O - a scroll of enchant armour {unknown}
 P - 4 scrolls of noise {unknown}
Potions
 b - 3 potions of ambrosia
 d - a potion of lignification
 j - 3 potions of resistance
 k - a potion of magic
 o - 3 potions of flight
 t - a potion of invisibility
 u - 7 potions of curing
 w - a potion of haste
 C - a potion of cancellation {unknown}
 E - 3 potions of brilliance
 F - 2 potions of attraction {unknown}
 H - 2 potions of berserk rage
 L - 2 potions of mutation
Miscellaneous
 R - a condenser vane (inert)
 T - a piece from Xom's chessboard (15/15)


   Skills:
 * Level 7.4 Fighting
 * Level 7.3 Dodging
 * Level 11.5 Stealth
 * Level 11.6 Unarmed Combat
 * Level 9.6 Spellcasting
 * Level 8.2 Transmutations
 * Level 3.8 Earth Magic
 * Level 7.0 Evocations


You had 18 spell levels left.
You knew the following spells:

 Your Spells              Type           Power      Damage    Failure   Level
a - Beastly Appendage     Tmut           100%       N/A       1%          1
b - Spider Form           Tmut/Pois      20%        N/A       1%          3
c - Apportation           Tloc           30%        N/A       3%          1
d - Ice Form              Ice/Tmut       41%        N/A       6%          4
e - Petrify               Tmut/Erth      53%        N/A       2%          4

Your spell library contained the following spells:

 Spells                   Type           Power      Damage    Failure   Level
 Wereblood                Tmut           62%        N/A       1%          2
 Animate Skeleton         Necr           30%        N/A       3%          1
 Corona                   Hex            16%        N/A       3%          1
 Shock                    Conj/Air       60%        1d6       3%          1
 Summon Small Mammal      Summ           60%        N/A       3%          1
 Blink                    Tloc           N/A        N/A       4%          2
 Sublimation of Blood     Necr           7%         N/A       4%          2
 Gell's Gravitas          Tloc           7%         N/A       10%         3
 Lesser Beckoning         Tloc           7%         N/A       10%         3
 Mephitic Cloud           Conj/Pois/Air  15%        N/A       10%         3
 Teleport Other           Tloc           15%        N/A       10%         3
 Irradiate                Conj/Tmut      20%        3d20      16%         5
 Statue Form              Tmut/Erth      35%        N/A       38%         6
 Manifold Assault         Tloc           15%        N/A       65%         5
 Metabolic Englaciation   Hex/Ice        7%         N/A       65%         5
 Storm Form               Tmut/Air       20%        N/A       99%         7
 Chain Lightning          Conj/Air       7%         3d10      100%        9


Dungeon Overview and Level Annotations

Branches:
Dungeon (13/15)            Temple (1/1) D:6             Orc (0/2) D:11
Ossuary (visited)
   Lair: D:8-11      Vaults: D:13-14

Altars:
Ashenzari
Cheibriados
Dithmenos
Elyvilon
Fedhas
Gozag
Hepliaklqana
Kikubaaqudgha
Makhleb
Nemelex Xobeh
Okawaru
Qazlal
Ru
Sif Muna
Trog
Uskayaw
Vehumet
Wu Jian
Xom
Yredelemnul
Zin
The Shining One

Shops:
D:3 [(   D:4 !   D:6 !   D:9 ([

Annotations:
D:10 Harold


Innate Abilities, Weirdness & Mutations

You cannot wear most types of armour.
You are amphibious.
You can wear up to eight rings at the same time.
Your skin changes colour to match your surroundings (Stealth+).
Your rubbery body absorbs attacks. (AC +1, EV +1)
((You are camouflaged near water. (Stealth+)))
You have tentacles for arms and can constrict up to eight enemies at once.


Message History

You see here a +0 falchion.
An orc knight is nearby!
An orc knight is nearby!
Press: ? - help, v - describe, . - travel
Here: an orc knight, wielding a +3 arbalest, wearing a +0 chain mail and quivering bolts (wandering, hasn't noticed you)
The floor.
Aiming: Paralyse
Press: ? - help, Shift-Dir - straight line, f - orc knight
Aim: an orc knight, wielding a +3 arbalest, wearing a +0 chain mail and quivering bolts (wandering, hasn't noticed you, chance to affect: 50%)
The orc knight shouts!
The orc knight resists with some effort.
The orc knight shoots a bolt.
The bolt hits you!!
Aiming: Paralyse
Press: ? - help, Shift-Dir - straight line, f/p - orc knight
Aim: an orc knight, wielding a +3 arbalest, wearing a +0 chain mail and quivering bolts (chance to affect: 50%)
The orc knight resists with some effort.
Your tentacle spike disappears.
The orc knight shoots a bolt.
The bolt barely misses you.
Aiming: Paralyse
Press: ? - help, Shift-Dir - straight line, f/p - orc knight
Aim: an orc knight, wielding a +3 arbalest, wearing a +0 chain mail and quivering bolts (chance to affect: 50%)
The orc knight resists with some effort.
The orc knight shoots a bolt.
The bolt closely misses you.
Unknown command.
Aiming: Paralyse
Press: ? - help, Shift-Dir - straight line, f/p - orc knight
Aim: an orc knight, wielding a +3 arbalest, wearing a +0 chain mail and quivering bolts (chance to affect: 50%)
The orc knight resists with some effort.
The now-empty wand crumbles to dust.
The orc knight shoots a bolt.
The bolt hits you!!
As you read the scroll of fog, it crumbles to dust.
The scroll dissolves into smoke.
The orc knight roars a battlecry!
The orc goes into a battle-frenzy!
There is an escape hatch in the floor here.
There is an open door here.
You see here 19 arrows.
The efreet gestures at you.
The fireball explodes!
The fireball engulfs you!!
You die...

).....# ### #............ ....<.#
#.. #.##.#.#.#.#. ......#
#.###.#........(. .☼.......
#.#...##.#.#.#.#. ..☼o..###
#.#.###....†..[.. .○Ro..#
#......#.#.#<#.#. ......#
##'##########..... ###.### #..#
###### ##..#### ####@########
...§§§.# #...........# ...§§§§#
#...........######### ...§§§R####
#......♣.♣.♣)♣.♣.♣... ..§§§§§...#
#.(...⌠...⌠(..⌠...⌠..
..§§§§§##.###....♣.♣.♣.♣.♣.♣.♣.♣.
....§§§##.○°R.......⌠...⌠...⌠....
.......######....♣.♣.♣.♣.♣.♣.♣.♣.
....)..# #.....⌠...⌠...⌠...⌠..


You could see an efreet.

Vanquished Creatures
  3 hydras
  2 two-headed ogres
  A death knight (D:13)
  2 centaur warriors (D:13)
  A boulder beetle (D:9)
  A tengu warrior (D:9)
  2 necromancers (D:12)
  4 ugly things
  A deep elf pyromancer (D:13)
  4 cyclopes
  2 gargoyles (D:12)
  11 centaur skeletons (D:12)
  A komodo dragon (D:11)
  A tengu conjurer (D:9)
  4 trolls
  A meliai zombie (D:12)
  10 slime creatures
  4 flying skulls (D:12)
  4 shadows
  Sigmund (D:5)
  A wyvern (D:9)
  A wraith (D:12)
  7 yaks
  A vampire (D:11)
  2 steam dragons
  9 vampire mosquitoes
  Eustachio (D:5)
  Menkaure (Ossuary)
  An acid dragon (D:13)
  Duvessa (D:7)
  3 water moccasins
  A hornet zombie (D:8)
  4 orc warriors
  An ice beast (D:6)
  A black bear (D:11)
  A necrophage (D:8)
  8 centaurs
  A phantom (D:5)
  Blork the orc (D:5)
  4 bullfrogs
  2 kobold brigands (D:8)
  Dowan (D:7)
  5 scorpions
  A wyvern skeleton (D:6)
  14 killer bees
  18 wights
  2 howler monkeys
  An electric eel (D:8)
  7 orc priests
  11 centaur zombies
  Crazy Yiuf (D:3)
  A bullfrog skeleton (D:5)
  4 jellies
  2 gnoll shamans
  2 iguanas (D:5)
  Natasha (thrice) (D:4)
  10 orc wizards
  A hound skeleton (D:4)
  4 mummies
  A howler monkey zombie (D:9)
  7 gnolls
  A howler monkey skeleton (D:6)
  8 adders
  A shadow imp (D:8)
  2 white imps (D:6)
  An ufetubus (D:4)
  2 worms (D:3)
  A dart slug (D:1)
  38 orcs
  5 ball pythons
  5 endoplasms
  3 giant cockroaches
  5 gnoll zombies (Ossuary)
  6 hobgoblins
  2 jackals (D:1)
  3 quokkas
  5 bats
  4 frilled lizards
  6 gnoll skeletons (Ossuary)
  5 goblins
  2 goblin skeletons (Ossuary)
  2 goblin zombies (Ossuary)
  3 hobgoblin skeletons (Ossuary)
  6 hobgoblin zombies
  10 kobolds
  4 kobold skeletons (Ossuary)
  3 kobold zombies (Ossuary)
  6 orc skeletons (Ossuary)
  4 orc zombies (Ossuary)
  A rat (D:3)
  4 rat skeletons (Ossuary)
  7 rat zombies (Ossuary)
363 creatures vanquished.

Vanquished Creatures (others)
  8 fungi (D:11)
  15 plants
23 creatures vanquished.

Grand Total: 386 creatures vanquished

Notes
Turn   | Place    | Note
-------+----------+-------------------------------------------
     0 | D:1      | ZARRMARR the Octopode Transmuter began the quest for the
                  | Orb.
     0 | D:1      | Reached XP level 1. HP: 13/13 MP: 3/3
   434 | D:1      | Reached XP level 2. HP: 14/18 MP: 3/5
   762 | D:1      | Found a faded altar of an unknown god.
  1317 | D:2      | Reached skill level 1 in Stealth
  1317 | D:2      | Reached XP level 3. HP: 10/23 MP: 4/6
  2095 | D:3      | Reached XP level 4. HP: 11/28 MP: 5/7
  2331 | D:3      | Found Mixiczer's Armour Emporium.
  2356 | D:3      | Reached XP level 5. HP: 18/34 MP: 7/9
  2895 | D:3      | Found Amol's Antique Weapon Shoppe.
  3215 | D:3      | Found a shimmering blue altar of Sif Muna.
  3282 | D:3      | Found a runed translucent door.
  3283 | D:3      | Noticed Crazy Yiuf
  3347 | D:3      | Became a worshipper of Sif Muna the Loreminder
  3459 | D:3      | Reached XP level 6. HP: 9/39 MP: 10/10
  3725 | D:4      | Found Afoafuim's Distillery.
  3744 | D:4      | Found a sand-covered staircase.
  3753 | Ossuary  | Entered an ossuary
  3901 | Ossuary  | Reached * piety under Sif Muna
  4175 | Ossuary  | Reached ** piety under Sif Muna
  4239 | Ossuary  | Noticed Menkaure
  4245 | Ossuary  | Killed Menkaure
  4246 | Ossuary  | Reached XP level 7. HP: 24/45 MP: 10/12
  4468 | Ossuary  | Identified 2 scrolls of acquirement
  4470 | Ossuary  | Acquired the ring of the Establishment {+Blink rPois MP+9
                  | Int+6 Slay+3}
  4473 | Ossuary  | Acquired the ring "Afonuxtiaxu" {rC++ Str+4 Slay+4}
  4800 | D:4      | Noticed Natasha
  4808 | D:4      | Killed Natasha
  4812 | D:4      | Reached skill level 5 in Unarmed Combat
  5138 | D:4      | Noticed Natasha
  5145 | D:4      | Killed Natasha
  5199 | D:4      | Found Afoafuim's Distillery.
  5708 | D:4      | Noticed Natasha
  5713 | D:4      | Killed Natasha
  5972 | D:5      | Entered Level 5 of the Dungeon
  6063 | D:5      | Noticed Sigmund
  6118 | D:6      | Reached XP level 8. HP: 51/51 MP: 14/14
  6185 | D:6      | Reached skill level 5 in Stealth
  6198 | D:6      | Found a staircase to the Ecumenical Temple.
  6225 | D:6      | Reached skill level 1 in Evocations
  6298 | D:6      | Acquired 800 gold pieces
  6309 | D:6      | Reached *** piety under Sif Muna
  6650 | D:6      | Found Wykiwn's Distillery.
  6893 | Temple   | Entered the Ecumenical Temple
  7078 | D:5      | Noticed Eustachio
  7082 | D:5      | Killed Eustachio
  7094 | D:5      | Reached XP level 9. HP: 54/57 MP: 16/16
  7259 | D:5      | Learned a level 3 spell: Spider Form
  7319 | D:5      | Noticed Blork the orc
  7325 | D:5      | Killed Blork the orc
  7446 | D:5      | Killed Sigmund
  7447 | D:5      | Reached skill level 5 in Transmutations
  7532 | D:5      | Reached skill level 5 in Spellcasting
  7843 | D:4      | Bought a potion of mutation for 112 gold pieces
  7843 | D:4      | Bought a potion of mutation for 112 gold pieces
  7947 | D:3      | Killed Crazy Yiuf
  8379 | D:7      | Identified the +1 scale mail of Limited Liability {Rampage}
  9222 | D:7      | Noticed Duvessa
  9228 | D:7      | Noticed Dowan
  9233 | D:7      | Killed Duvessa
  9234 | D:7      | Reached XP level 10. HP: 58/65 MP: 18/18
  9235 | D:7      | Killed Dowan
  9695 | D:8      | Noticed a cyclops
  9712 | D:8      | Reached **** piety under Sif Muna
 10114 | D:8      | Learned a level 1 spell: Apportation
 10268 | D:8      | Killed a cyclops
 10269 | D:8      | Reached skill level 5 in Fighting
 10875 | D:9      | Noticed a brown ugly thing
 10888 | D:9      | Killed a brown ugly thing
 11020 | D:9      | Noticed a cyclops
 11020 | D:9      | Noticed a tengu warrior
 11021 | D:9      | Noticed a harpy
 11022 | D:9      | Reached skill level 5 in Dodging
 11022 | D:9      | Noticed a boulder beetle
 11027 | D:9      | a harpy changed into a troll
 11036 | D:9      | Killed a boulder beetle
 11471 | D:9      | Found Zuehodui's Antique Armour Emporium.
 11487 | D:10     | Entered Level 10 of the Dungeon
 11542 | D:9      | Reached XP level 11. HP: 68/72 MP: 20/20
 12226 | D:9      | Noticed an anaconda
 12256 | D:9      | Noticed a swamp dragon
 12295 | D:9      | Killed a cyclops
 12378 | D:9      | Noticed a five-headed hydra
 12387 | D:9      | HP: 1/72 [orc warrior (17)]
 12749 | D:9      | Noticed a bunyip
 12953 | D:9      | Found Biantara's Weapon Boutique.
 13041 | D:9      | Identified the +0 leather armour "Jebyfy" {Int+5}
 13174 | D:9      | Noticed a manticore
 13426 | D:9      | Noticed a great orb of eyes
 13462 | D:9      | Identified the +1 plate armour of Indemnity {+Inv Regen+
                  | Dex-3}
 13462 | D:9      | Identified the ring "Cyludwiast" {rPois rC++ Will- Int+2}
 13510 | D:9      | Killed a five-headed hydra
 13511 | D:9      | Reached skill level 10 in Stealth
 13511 | D:9      | Reached skill level 5 in Evocations
 13635 | D:9      | Noticed an ice dragon
 13773 | D:9      | Noticed an alligator
 13787 | D:9      | Killed a tengu warrior
 14172 | D:10     | Noticed Harold
 14207 | D:10     | Reached ***** piety under Sif Muna
 14791 | D:11     | Noticed a boulder beetle
 15189 | D:11     | Noticed a five-headed hydra
 15198 | D:11     | Found a staircase to the Orcish Mines.
 15220 | D:11     | Learned a level 4 spell: Ice Form
 15225 | D:11     | Learned a level 4 spell: Petrify
 15350 | D:12     | Noticed a cyan ugly thing
 15352 | D:12     | Killed a cyan ugly thing
 15353 | D:12     | Reached skill level 10 in Unarmed Combat
 15728 | D:12     | Acquired a ring of positive energy
 15888 | D:12     | Noticed a cyclops
 15900 | D:12     | Killed a cyclops
 15901 | D:12     | Reached XP level 12. HP: 65/80 MP: 24/24
 16048 | D:12     | Received a gift from Sif Muna
 16272 | D:12     | Reached skill level 1 in Earth Magic
 18241 | D:12     | Reached XP level 13. HP: 79/86 MP: 26/26
 19331 | D:9      | Got Cyvaedar's Tome of the Birds
 19332 | D:9      | Identified the +2 buckler of the Endless Expanse {*Corrode
                  | Fly rPois Dex+4}
 21518 | D:13     | Killed from afar by an efreet

Illustrated notes

Levels and vault maps discovered:
D:1:      ncdulo_watergridlock, layout_basic, ebering_ecumenical_altar_box
D:2:      layout_loops_cross
D:3:      layout_loops_ring, lemuel_crystal_altar, serial_shops, shop,
          nicolae_diamond_shop, uniq_crazy_yiuf_cottage
D:4:      layout_cave_pods, nicolae_ossuary_entry_giza, serial_shops,
          nicolae_shop_crystal, uniq_natasha
D:5:      layout_basic, uniq_sigmund, uniq_eustachio, uniq_menkaure,
          uniq_blork_the_orc
D:6:      layout_rooms, minmay_temple_entry_sparse_star, serial_shops, shop,
          minmay_manual_mares
D:7:      layout_basic, uniq_duvessa
D:8:      layout_loops_cross, kennysheep_island_fort
D:9:      minmay_the_grid_4x2 [minmay_the_grid_box_x, minmay_the_grid_expand,
          minmay_the_grid_garden, minmay_the_grid_plusring,
          minmay_the_grid_outer_circle, minmay_the_grid_gridbox,
          minmay_the_grid_tiny_cups, minmay_the_grid_prize_trominoes],
          layout_irregular_city, serial_shops, shop, nicolae_shop_behind_doors
D:10:     layout_rooms, uniq_harold
D:11:     layout_irregular_city, grunt_lair_entry_orc_guard_hut, orc_0_dummy
D:12:     hangedman_screamer, layout_stronghold
D:13:     layout_roguey, st_stairs_9, kennysheep_crisscross
Temple:   kilobyte_greek_temple

Skill      XL: |  1  2  3  4  5  6  7  8  9 10 11 12 13 |
---------------+----------------------------------------+-----
Stealth        | 1 2 3 4 6 7 9 10 11 | 11.5
Fighting       | 2 3 4 5 6 7 |  7.4
Unarmed Combat | 4 5 6 7 9 10 11 | 11.6
Spellcasting   | 3 4 5 6 8 9 |  9.6
Transmutations | 3 4 5 6 7 8 |  8.2
Dodging        | 3 4 5 6 7 |  7.3
Evocations     | 2 3 4 5 6 7 |  7.0
Earth Magic    | 2 3 |  3.8

Action                   |  1- 3 |  4- 6 |  7- 9 | 10-12 | 13-15 || total
-------------------------+-------+-------+-------+-------+-------++-------
Melee: Unarmed           |    51 |    92 |   125 |   305 |    72 ||   645
       Constrict         |    11 |    38 |    37 |    53 |     5 ||   144
       Kick              |    13 |    33 |    51 |   139 |    17 ||   253
       Tentacles         |     8 |    19 |    24 |    70 |     9 ||   130
       Punch             |       |       |     3 |    22 |     3 ||    28
Throw: Dart              |       |     7 |       |    27 |     1 ||    35
       Boomerang         |       |   114 |    58 |    41 |     2 ||   215
 Cast: Beastly Appendage |    20 |    33 |    41 |    71 |    16 ||   181
       Spider Form       |       |       |     1 |     1 |     1 ||     3
       Apportation       |       |       |       |    82 |    18 ||   100
       Ice Form          |       |       |       |     7 |    14 ||    21
 Abil: Evoke Blink       |       |       |     1 |     1 |       ||     2
       End Transformatio |       |       |       |     2 |       ||     2
Evoke: Wand              |       |       |     3 |     7 |     8 ||    18
       Condenser vane    |       |       |       |     1 |     1 ||     2
  Use: Scroll            |     3 |       |    10 |     9 |     3 ||    25
       Potion            |       |     5 |       |     6 |       ||    11
 Stab: Sleeping          |     5 |     8 |    19 |    14 |     4 ||    50
       Distracted        |       |       |       |     1 |       ||     1
       Paralysed         |       |       |       |     1 |     3 ||     4
Armor: Skin              |     9 |     9 |     4 |    30 |    17 ||    69
Dodge: Dodged            |    31 |    32 |    44 |   174 |    47 ||   328
